 Dungeon Crawl Stone Soup version 0.31.0-11-ge490571c62 (webtiles) character file.

Game seed: 6781716352845298457

682 qw the Ducker (level 7, -3/35 HPs)
             Began as a Spriggan Hunter on Feb 3, 2024.
             Was an Initiate of Okawaru.
             Slain by a gnoll
             ... wielding a +0 flail
             ... led by a gnoll bouda
              (5 damage)
             ... on level 5 of the Dungeon.
             The game lasted 00:00:15 (3610 turns).

qw the Ducker (Spriggan Hunter)                     Turns: 3610, Time: 00:00:16

Health: -3/35      AC:  2    Str:  7    XL:     7   Next: 34%
Magic:  8/8        EV: 22    Int: 11    God:    Okawaru [......]
Gold:   246        SH:  0    Dex: 20    Spells: 6/6 levels left

rFire   . . .        a - +0 shortbow
rCold   . . .        (shield currently unavailable)
rNeg    . . .        c - +0 robe
rPois   .            (helmet restricted)
rElec   .            (no cloak)
rCorr   .            (gloves unavailable)
SInv    +            (boots unavailable)
Will    +....        (no amulet)
Stlth   ++           (no ring)
HPRegen 0.25/turn    (no ring)
MPRegen 0.11/turn

%: no passive effects
@: weakened, very quick
A: very small, no large weapons, unfitting armour, see invisible, speed 3
a: Renounce Religion


You were on level 5 of the Dungeon.
You worshipped Okawaru.
Okawaru was noncommittal.
You visited 2 branches of the dungeon, and saw 6 of its levels.

You collected 246 gold pieces.


Innate Abilities, Weirdness & Mutations

You are very small and have problems with some larger weapons.
You are too small for most types of armour.
You have supernaturally acute eyesight. (SInv)
You cover ground extremely quickly. (Speed+++)


   Skills:
 - Level 2.1 Fighting
 + Level 7.2 Ranged Weapons
 - Level 7.2 Dodging
 - Level 1.5 Stealth


You had 6 spell levels left.
You didn't know any spells.
Your spell library was empty.

Inventory:

Hand Weapons
 a - a +0 shortbow (weapon)
Armour
 c - a +0 robe (worn)
Wands
 g - a wand of iceblast (19)
Scrolls
 b - a scroll of identify
Potions
 d - 2 potions of curing {unknown}
 e - a potion of berserk rage {unknown}
 f - a potion of brilliance {unknown}
 j - a potion of cancellation {unknown}

Dungeon Overview and Level Annotations

Branches:
Dungeon (5/15)             Temple (1/1) D:5

Altars:
Ashenzari
Cheibriados
Nemelex Xobeh
Okawaru
Qazlal
Ru
Zin


Message History

You feel your attacks grow feeble. The gnoll bouda closely misses you.
The gnoll hits you from afar with a +0 spear!
You shoot an arrow. The arrow hits the gnoll bouda.
The gnoll bouda is severely wounded.
The gnoll hits you with a +0 flail! The gnoll bouda misses you.
The gnoll closely misses you. The gnoll barely misses you.
You shoot an arrow. The arrow hits the gnoll bouda!
The gnoll bouda is almost dead.
The gnoll is no longer moving quickly.
The gnoll barely misses you. The gnoll bouda closely misses you.
The gnoll completely misses you. The gnoll misses you.
You shoot an arrow.
The arrow barely misses the gnoll bouda.
The gnoll closely misses you. The gnoll bouda misses you. The gnoll misses you.
The gnoll hits you from afar with a +0 spear.
The gnoll misses you.
You shoot an arrow.
The arrow hits the gnoll bouda but does no damage.
The gnoll bouda is almost dead.
The gnoll bouda barks out a call to the hunt!
The gnoll picks up the pace!
The gnoll closely misses you. The gnoll misses you.
The gnoll closely misses you.
You shoot an arrow.
The arrow hits the gnoll bouda but does no damage.
The gnoll bouda is almost dead.
The gnoll bouda gazes fiercely through you!
You feel as though you will be weak longer.
The gnoll bouda barely misses you. The gnoll completely misses you. x3
You shoot an arrow.
The arrow barely misses the gnoll bouda.
The gnoll bouda completely misses you. The gnoll closely misses you.
The gnoll misses you.
You shoot an arrow. The arrow hits the gnoll bouda!
You kill the gnoll bouda!
Okawaru accepts your kill. The gnoll completely misses you.
The gnoll closely misses you. The gnoll hits you with a +0 flail.
You die...

#####..###.#.# #.
.......# #.#.###.#
.
##.....###.#.....#
..##............#
..)............##
...............#
.....g.........#
......g).......#
..$...g@.......#
....#.........## .
###########


You could see 3 gnolls.

Vanquished Creatures
  A phantom (D:5)
  A howler monkey (D:5)
  2 bombardier beetles (D:3)
  A gnoll bouda (D:5)
  4 orc priests (D:3)
  2 hounds (D:5)
  2 sleepcaps (D:4)
  An iguana (D:4)
  3 orc wizards (D:3)
  3 gnolls
  4 adders
  2 ribbon worms
  3 dart slugs
  10 orcs
  3 bats
  8 endoplasms
  6 giant cockroaches
  14 goblins
  8 hobgoblins
  2 jackals (D:3)
  2 kobolds (D:4)
  4 quokkas
  9 ball pythons
  2 frilled lizards (D:1)
  3 rats
100 creatures vanquished.

Notes
Turn   | Place    | Note
-------+----------+-------------------------------------------
     0 | D:1      | qw the Spriggan Hunter began the quest for the Orb.
     0 | D:1      | Reached XP level 1. HP: 10/10 MP: 2/2
     0 | D:1      | 0 ||| qw: Version: 0.3-a-157-g843a77d
     0 | D:1      | 0 ||| qw: Game counter: 3750
     0 | D:1      | 0 ||| qw: Melee chars always use a shield: true
     0 | D:1      | 0 ||| qw: God list: Okawaru
     0 | D:1      | 0 ||| qw: Allow faded altars: false
     0 | D:1      | 0 ||| qw: Do Orc after clearing Dungeon:15 true
     0 | D:1      | 0 ||| qw: Do second Lair branch before Depths: true
     0 | D:1      | 0 ||| qw: Lair rune preference: random
     0 | D:1      | 0 ||| qw: Goals: Normal
     0 | D:1      | 0 ||| PLANNING D:1-11
    33 | D:1      | Reached skill level 3 in Dodging
   264 | D:1      | Reached XP level 2. HP: 14/14 MP: 3/3
   498 | D:1      | You fall into a shaft and drop 1 floor!
   637 | D:2      | Found a faded altar of an unknown god.
   654 | D:2      | 654 ||| RETREEEEATING.
   656 | D:2      | 656 ||| RETREEEEATING.
   658 | D:2      | 658 ||| RETREEEEATING.
   660 | D:2      | 660 ||| RETREEEEATING.
   662 | D:2      | 662 ||| RETREEEEATING.
   664 | D:2      | 664 ||| RETREEEEATING.
   676 | D:2      | Reached XP level 3. HP: 9/18 MP: 4/4
   756 | D:2      | 756 ||| READING scroll labelled MYCAEF GOFEMETOU.
   857 | D:2      | 857 ||| READING scroll labelled PEITEX AGEVOOR.
   857 | D:2      | 857 ||| ENCHANTING +0 shortbow.
   858 | D:2      | 858 ||| READING scroll labelled FIYGRE KA OCISK.
   859 | D:2      | 859 ||| READING scroll labelled VIAHEN GAYRGH.
   860 | D:2      | 860 ||| READING scroll labelled GASCHE KIEHIGU.
   861 | D:2      | 861 ||| READING scroll labelled SENEOF JAU.
   861 | D:2      | 861 ||| IDENTIFYING murky pink potion
   862 | D:2      | 862 ||| DROPPING scroll of butterflies.
   863 | D:2      | 863 ||| DROPPING potion of lignification.
  1614 | D:2      | 1614 ||| READING scroll labelled GISITSU BYFOSI.
  1615 | D:2      | 1615 ||| READING scroll labelled JANIKA INAA.
  1750 | D:3      | 1750 ||| FLEEEEING.
  1758 | D:3      | Reached XP level 4. HP: 21/22 MP: 5/5
  1817 | D:3      | HP: 2/22 [orc priest/+0 flail (8)]
  1821 | D:3      | Reached XP level 5. HP: 3/26 MP: 6/6
  1826 | D:3      | HP: 3/26 [bombardier beetle (2)]
  1991 | D:3      | Reached skill level 6 in Ranged Weapons
  2009 | D:3      | Reached XP level 6. HP: 28/30 MP: 7/7
  2020 | D:3      | Reached skill level 6 in Dodging
  2036 | D:3      | HP: 7/30 [orc/+0 short sword (1)]
  2305 | D:3      | 2305 ||| DROPPING ring of magical power.
  2306 | D:3      | 2306 ||| READING scroll labelled NOXEOL ENUISHAPN.
  2328 | D:4      | 2328 ||| STAIRDANCE
  2340 | D:4      | 2340 ||| STAIRDANCE
  2681 | D:4      | Found a glowing silver altar of Zin.
  2995 | D:5      | Entered Level 5 of the Dungeon
  3033 | D:5      | Reached XP level 7. HP: 24/35 MP: 8/8
  3247 | D:5      | Found a staircase to the Ecumenical Temple.
  3248 | D:5      | 3248 ||| PLANNING TEMPLE
  3248 | D:5      | 3248 ||| READING scroll of identify.
  3248 | D:5      | 3248 ||| IDENTIFYING silvery potion
  3249 | D:5      | 3249 ||| DROPPING potion of ambrosia.
  3259 | Temple   | Entered the Ecumenical Temple
  3260 | Temple   | 3260 ||| PLANNING OKAWARU WORSHIP
  3269 | Temple   | Became a worshipper of Warmaster Okawaru
  3270 | Temple   | 3270 ||| PLANNING D:1-11
  3294 | D:5      | 3294 ||| FLEEEEING.
  3295 | D:5      | 3295 ||| FLEEEEING.
  3296 | D:5      | 3296 ||| FLEEEEING.
  3297 | D:5      | 3297 ||| FLEEEEING.
  3298 | D:5      | 3298 ||| FLEEEEING.
  3603 | D:5      | HP: 8/35 [gnoll/+0 spear[a gnoll bouda] (7)]
  3604 | D:5      | HP: 1/35 [gnoll/+0 flail[a gnoll bouda] (7)]
  3610 | D:5      | Slain by a gnoll

Levels and vault maps discovered:
D:1:      dpeg_arrival_court, layout_loops_ring, minmay_misc_feat_more_columns,
          st_stairs_7, serial_park_tiny_1
D:2:      kennysheep_the_goblin_king, layout_loops_ring,
          hellmonk_ecumenical_altar_slurped_away
D:3:      layout_basic, chequers_serial_rivers_marsh
D:4:      minmay_diamond_boxcup, layout_layer_cave, zin_academy,
          uniq_crazy_yiuf_cottage
D:5:      layout_basic, minmay_temple_entry_grid
Temple:   nicolae_temple_bog_church

Skill      XL: |  1  2  3  4  5  6  7 |
---------------+----------------------+-----
Dodging        | 3 4 5 6 7 |  7.2
Ranged Weapons | 5 6 7 |  7.2
Fighting       | 2 |  2.1
Stealth        | |  1.5

Action                     |  1- 3 |  4- 6 |  7- 9 || total
---------------------------+-------+-------+-------++-------
   Fire: Shortbow          |   114 |   198 |    53 ||   365
    Use: Scroll            |     8 |     1 |     1 ||    10
 Armour: Robe              |    11 |    40 |    20 ||    71
  Dodge: Dodged            |    39 |   179 |    55 ||   273

Table legend:
 A = Non-vault XP
 B = Vault XP
 C = Vault XP percentage of total XP
 D = Non-vault monster count
 E = Vault monster count
 F = Vault count percentage of total count
                 A         B        C        D         E       F
            +---------+---------+-------+---------+---------+-------
      Total |     861 |     155 |  15.3 |      80 |      20 |  20.0
            +---------+---------+-------+---------+---------+-------
        D:1 |      18 |       4 |  18.2 |       9 |       3 |  25.0
        D:2 |      51 |      15 |  22.7 |      20 |       8 |  28.6
        D:3 |     422 |       0 |   0.0 |      28 |       0 |   0.0
        D:4 |      47 |     136 |  74.3 |      14 |       9 |  39.1
        D:5 |     323 |       0 |   0.0 |       9 |       0 |   0.0
            +---------+---------+-------+---------+---------+-------
